 Dungeon Crawl Stone Soup version 0.20-a0-1078-g4874019 (webtiles) character file.

1071 FastMan the Cleaver (level 8, -8/105 HPs)
             Began as a Minotaur Berserker on May 1, 2017.
             Was a Believer of Trog.
             Mangled by an orc warrior
             ... wielding a cursed -1 halberd
              (25 damage)
             ... on level 6 of the Dungeon.
             The game lasted 00:02:40 (3670 turns).

FastMan the Cleaver (Minotaur Berserker)            Turns: 3670, Time: 00:02:41

Health: -8/105     AC:  2    Str: 28    XL:     8   Next: 7%
Magic:  7/7        EV:  9    Int:  4    God:    Trog [**....]
Gold:   213        SH: 15    Dex: 11    Spells: 7/7 levels left

rFire    . . .     SeeInvis .   n - +0 war axe
rCold    . . .     Gourm    .   p - +0 large shield
rNeg     . . .     Faith    .   b - +0 animal skin
rPois    .         Spirit   .   (helmet restricted)
rElec    .         Reflect  .   (no cloak)
rCorr    .         Harm     .   (no gloves)
MR       ++...                  (no boots)
Stlth    ..........             (no amulet)
Regen    1.3/turn               (no ring)
MPRegen  0.1/turn               (no ring)

@: berserking, regenerating, very quick
A: retaliatory headbutt, horns 2
a: Berserk, Trog's Hand, Burn Spellbooks, Renounce Religion


You were on level 6 of the Dungeon.
You worshipped Trog.
Trog was pleased with you.
You were near starving.

You visited 1 branch of the dungeon, and saw 6 of its levels.

You collected 312 gold pieces.
You spent 99 gold pieces at shops.

Inventory:

Hand Weapons
 a - a +0 hand axe
 n - a +0 war axe (weapon)
Armour
 b - a +0 animal skin (worn)
 p - a +0 large shield (worn)
 q - a +1 cloak of poison resistance
Jewellery
 k - a cursed ring of teleportation {unknown}
 r - an uncursed amulet of magic regeneration {unknown}
 u - an uncursed amulet of magic regeneration {unknown}
Scrolls
 e - a scroll of immolation {unknown}
 f - 2 scrolls of enchant armour {unknown}
 g - a scroll of noise {unknown}
 h - 4 scrolls of teleportation {unknown}
 j - a scroll of blinking {unknown}
 l - a scroll of remove curse {unknown}
 m - a scroll of recharging {unknown}
 s - a scroll of identify {unknown}
 v - a scroll of magic mapping {unknown}
Potions
 i - a potion of mutation {unknown}
 t - a potion of heal wounds {unknown}
 w - a potion of curing {unknown}
Comestibles
 c - 2 bread rations {@e1}
 d - a meat ration {@e2}
 o - a royal jelly {@e3}
 x - a chunk of flesh


   Skills:
 + Level 5.9 Fighting
 * Level 8.2 Axes
 + Level 5.5 Armour
 - Level 3.5 Dodging
 + Level 3.6 Shields


You had 7 spell levels left.
You didn't know any spells.

Dungeon Overview and Level Annotations

Branches:
Dungeon (6/15)
 Temple: D:4-7

Altars:
Cheibriados
Yredelemnul

Shops:
D:4 [


Innate Abilities, Weirdness & Mutations

You reflexively headbutt those who attack you in melee.
You have a pair of horns on your head.


Message History

An orc comes into view. It is wielding a flail.
The orc shouts!
The orc warrior hits you with a halberd!!
* * * LOW HITPOINT WARNING * * *
A red film seems to cover your vision as you go berserk!
You feel yourself moving faster!
You feel mighty!
You are near starving!
You block the centaur's attack.
You completely miss the orc warrior. Your headbutt misses the orc warrior.
Your shield prevents you from hitting the centaur.
The centaur barely misses you.
The orc warrior hits you with a halberd!
* * * LOW HITPOINT WARNING * * *
An adder comes into view.
The adder hisses angrily.
You slash the orc warrior!
The orc warrior is moderately wounded.
You slash the centaur! You block the centaur's attack.
The orc warrior hits you with a halberd!!
You die...

#$# .#.# #.#..#.## ###
###.#..... ... #....
... # #.##.#.##.# #
#.#..#.#.#..##.#..
#..>.......c......
###.####.#.?..@o.o....
............รท....#..S.
#..#####...#.#.### .
#..# #...#.#... #..#
#...#.####.. . #..#
#...#.. ....
#..#####.#.######...#
#.......(.)....(....+
#...####...#.###....#


You could see an orc warrior, a centaur, an adder and an orc.

Vanquished Creatures
  The ghost of Shinore the Conjurer, an amateur TeCj (D:4)
  A phantom (D:6)
  3 centaurs
  A scorpion (D:6)
  A centaur zombie (D:5)
  6 crimson imps
  A jelly (D:5)
  2 hounds (D:4)
  4 iguanas (D:5)
  2 worker ants
  A hound skeleton (D:6)
  4 adders
  An ooze (D:4)
  4 worms
  2 dart slugs
  7 orcs
  A giant cockroach (D:2)
  4 goblins
  4 hobgoblins
  2 quokkas
  2 ball pythons
  4 bats
  A frilled lizard (D:3)
  8 kobolds
  A quokka zombie (D:5)
  2 rats
70 creatures vanquished.

Notes
Turn   | Place    | Note
-------+----------+-------------------------------------------
     0 | D:1      | FastMan the Minotaur Berserker began the quest for the Orb.
     0 | D:1      | Reached XP level 1. HP: 19/19 MP: 0/0
   200 | D:1      | Reached XP level 2. HP: 27/27 MP: 1/1
   239 | D:2      | Reached skill level 4 in Axes
   267 | D:2      | Reached XP level 3. HP: 17/33 MP: 2/2
   336 | D:3      | Found a basalt altar of Yredelemnul.
   443 | D:3      | Found a snail-covered altar of Cheibriados.
   711 | D:3      | Reached ** piety under Trog
   831 | D:4      | Reached XP level 4. HP: 29/40 MP: 3/3
   845 | D:4      | Reached skill level 5 in Axes
  1271 | D:4      | Noticed Shinore's ghost (amateur TeCj)
  1281 | D:4      | Killed Shinore's ghost
  1281 | D:4      | Reached XP level 5. HP: 47/47 MP: 4/4
  1560 | D:4      | Found Femoteur's Antique Armour Shoppe.
  1572 | D:4      | Bought a large shield for 99 gold pieces
  1819 | D:5      | Entered Level 5 of the Dungeon
  1855 | D:5      | Noticed a centaur
  1859 | D:5      | Killed a centaur
  1859 | D:5      | Reached skill level 6 in Axes
  1859 | D:5      | Reached skill level 1 in Shields
  1859 | D:5      | Reached XP level 6. HP: 44/55 MP: 5/5
  1891 | D:5      | Reached skill level 5 in Fighting
  2297 | D:5      | Reached XP level 7. HP: 55/61 MP: 6/6
  2345 | D:5      | Reached skill level 7 in Axes
  3161 | D:6      | Reached skill level 5 in Armour
  3461 | D:6      | Reached *** piety under Trog
  3461 | D:6      | Reached skill level 8 in Axes
  3598 | D:6      | Reached XP level 8. HP: 35/70 MP: 7/7
  3670 | D:6      | Mangled by an orc warrior

Vault maps used:
D:1:      dpeg_arrival_line_fractal, serial_bayou_lake_a
D:2:      old_standard_altar, first_bread, uniq_natasha
D:3:      yredelemnul_altar_generic, kennysheep_slug_shrine,
          nicolae_overflow_hidden_temple, kennysheep_flooded_box
D:4:      serial_shops, shop
D:6:      vehumet_statue

Skill      XL: |  1  2  3  4  5  6  7 |
---------------+----------------------+-----
Axes           | 4 5 6 8 |  8.2
Fighting       | 4 5 |  5.9
Armour         | 3 4 5 |  5.5
Dodging        | 3 |  3.5
Shields        | 1 2 3 |  3.6

Action                   |  1- 3 |  4- 6 |  7- 9 || total
-------------------------+-------+-------+-------++-------
Melee: Hand axe          |    69 |    24 |       ||    93
       Headbutt          |     9 |    12 |    18 ||    39
       War axe           |       |    43 |    83 ||   126
Invok: Berserk           |     3 |     2 |     4 ||     9
       Trog's Hand       |       |       |     1 ||     1
  Eat: Chunk             |     2 |     3 |     2 ||     7
       Bread ration      |       |     1 |     1 ||     2
Armor: Animal skin       |     9 |    11 |     4 ||    24
Dodge: Dodged            |    47 |    18 |    19 ||    84
Block: Large shield      |       |    25 |    68 ||    93
